 Dungeon Crawl Stone Soup version 0.27-a0-1590-g15f69828bf (webtiles) character file.

Game seed: 11196663527106848444

0 flotson the Sneak (level 1, -1/18 HPs)
             Began as a Demonspawn Delver on July 18, 2021.
             Slain by an ufetubus (4 damage)
             ... on level 3 of the Dungeon.
             The game lasted 00:01:55 (486 turns).

flotson the Sneak (Demonspawn Delver)                Turns: 486, Time: 00:01:56

Health: -1/18      AC:  3    Str: 12    XL:     1   Next: 8%
Magic:  1/1        EV: 11    Int: 11    God:
Gold:   19         SH:  0    Dex: 14    Spells: 0/0 levels left

rFire    . . .     SeeInvis .   a - +0 hand axe
rCold    . . .     Faith    .   (no shield)
rNeg     . . .     Spirit   .   b - +0 leather armour
rPois    .         Reflect  .   (no helmet)
rElec    .         Harm     .   (no cloak)
rCorr    .         Rampage  .   (no gloves)
Will     .....                  (no boots)
Stlth    ++........             (no amulet)
HPRegen  0.06/turn              (no ring)
MPRegen  0.07/turn              (no ring)

@: no status effects
A: no striking features
a: no special abilities


You were on level 3 of the Dungeon.
You visited 1 branch of the dungeon, and saw 3 of its levels.

You collected 19 gold pieces.

Inventory:

Hand Weapons
 a - a +0 hand axe (weapon)
Armour
 b - a +0 leather armour (worn)
Wands
 g - a wand of digging (2)
Scrolls
 c - a scroll of fog
 e - a scroll of fear
Potions
 h - 2 potions of curing


   Skills:
 + Level 3.0 Fighting
 + Level 1.8 Axes
 + Level 0.0 Armour
 + Level 1.7 Dodging
 - Level 4.5 Stealth


You couldn't memorise any spells.
You didn't know any spells.
Your spell library was empty.

Dungeon Overview and Level Annotations

Branches:
Dungeon (5/15)             Temple (0/1) D:5

Altars:
Ashenzari
The Shining One

Shops:
D:4 :

Annotations:
D:4 Pikel


Message History

You closely miss the ufetubus.
The ufetubus is lightly wounded.
The ufetubus barely misses you. The ufetubus closely misses you.
The ufetubus hits you but does no damage.
The ufetubus completely misses you.
You feel better. The ufetubus hits you. The ufetubus closely misses you.
You closely miss the ufetubus.
The ufetubus is lightly wounded.
The ufetubus hits you but does no damage.
The ufetubus completely misses you. The ufetubus closely misses you.
The ufetubus barely misses you.
You closely miss the ufetubus.
The ufetubus is lightly wounded.
The ufetubus hits you but does no damage.
The ufetubus hits you. The ufetubus barely misses you.
The ufetubus closely misses you.
You closely miss the ufetubus.
The ufetubus is lightly wounded.
The ufetubus barely misses you. The ufetubus closely misses you.
The ufetubus barely misses you. x2
You barely miss the ufetubus.
The ufetubus is lightly wounded.
The ufetubus hits you.
The ufetubus hits you but does no damage.
You hit the ufetubus.
The ufetubus is severely wounded.
The ufetubus hits you. x2
* * * LOW HITPOINT WARNING * * *
The ufetubus hits you but does no damage.
The ufetubus closely misses you.
You miss the ufetubus.
The ufetubus is severely wounded.
The ufetubus barely misses you. The ufetubus closely misses you.
The ufetubus hits you.
* * * LOW HITPOINT WARNING * * *
The ufetubus hits you but does no damage.
You hit the ufetubus but do no damage.
The ufetubus is heavily wounded.
The ufetubus closely misses you. x3; The ufetubus hits you.
You die...

#.# #.# #.#
#.# #.# #.#
#.#
#.##########
#...@5......
############


You could see an ufetubus.

Vanquished Creatures
  A rat (D:3)
1 creature vanquished.

Notes
Turn   | Place    | Note
-------+----------+-------------------------------------------
     0 | D:5      | flotson the Demonspawn Delver began the quest for the Orb.
     0 | D:5      | Reached XP level 1. HP: 18/18 MP: 1/1
    16 | D:5      | Noticed an iguana
    37 | D:4      | Found a broken altar of Ashenzari.
    70 | D:4      | Noticed a hound
    95 | D:4      | Noticed Pikel
    95 | D:4      | Noticed a lemure
    97 | D:4      | Noticed a lemure
   114 | D:4      | Found Metefash's Self-Improvement Boutique.
   178 | D:4      | Noticed a phantom
   180 | D:4      | Noticed a phantom
   486 | D:3      | Slain by an ufetubus

Illustrated notes

Levels and vault maps discovered:
D:3:      layout_loops_ring, grunt_ministairs_11
D:4:      layout_cave_pods, nicolae_overflow_hidden_temple,
          nicolae_shop_self_help, uniq_pikel, uniq_ijyb
D:5:      layout_basic, general_overflow_altar,
          minmay_temple_entry_drinking_statues, uniq_duvessa

Action                   || total
-------------------------++-------
Melee: Hand axe          ||    15
Evoke: Wand              ||     1
  Use: Potion            ||     3
       Scroll            ||     1
Armor: Leather armour    ||     6
Dodge: Dodged            ||    42

Table legend: (Time is in decaauts)
 A = Elapsed time spent in this place.
 B = Non-inter-level travel time spent in this place.
 C = Inter-level travel time spent in this place.
 D = Time resting spent in this place.
 E = Time spent auto-exploring this place.
 F = Levels seen in this place.
 G = Mean time per level.
                   A        B        C        D        E       F      G
               +--------+--------+--------+--------+--------+-----+--------+
         Total |    474 |    474 |      0 |      0 |    274 |   3 |  158.0 |
       Dungeon |    474 |    474 |      0 |      0 |    274 |   3 |  158.0 |
               +--------+--------+--------+--------+--------+-----+--------+

Top non-repeatable levels by time:
     D:3: 290 daAuts
     D:4: 146 daAuts
     D:5: 37 daAuts
